3AAA
HIALEAH DODOS @ PORT ROYAL DISASTER
05/09/2024
 
TOP OF THE 1ST
Hialeah Dodos batting - Pitching for Port Royal Disaster : RHP Felipe Velázquez
Pitching: RHP Felipe Velázquez
Batting: RHB Aurelio Álvarez 0-0: Ball
1-0: Ball
2-0: Swinging Strike
2-1: Ball
3-1: Swinging Strike
3-2: Strikes out swinging
Batting: SHB Vincente Ybarra 0-0: Ball
1-0: Fly out, F7 (Flyball, 7M)
Batting: RHB Yoshio Matsuo 0-0: Ball
1-0: Called Strike
1-1: Ball
2-1: Ground out 5-3 (Groundball, 5L)
Top of the 1st over - 0 run(s), 0 hit(s), 0 error(s), 0 left on base; Hialeah 0 - Port Royal 0
BOTTOM OF THE 1ST
Port Royal Disaster batting - Pitching for Hialeah Dodos : RHP Jim Unknown
Pitching: RHP Jim Unknown
Batting: RHB Sergio Martínez 0-0: SINGLE (Groundball, 34)
Batting: RHB Javier Martínez 0-0: Ball
1-0: Fly out, F3 (Popup, 4)
Batting: RHB Wes Shannon 0-0: Ball
1-0: Called Strike
1-1: Ball
2-1: Called Strike
2-2: DOUBLE (Flyball, 8LM)
Sergio Martínez to third
Batting: LHB Jason Potter 0-0: Called Strike
0-1: Ball
1-1: Ball
2-1: Ground out 4-3 (Groundball, 4)
Sergio Martínez scores
Wes Shannon to third
Batting: RHB Juan Ávila 0-0: Ball
1-0: Foul Ball, location: 2F
1-1: Ball
2-1: Called Strike
2-2: Ball
3-2: Base on Balls
Batting: SHB Arsenio Sameiro 0-0: Ball
1-0: Ball
2-0: Foul Ball, location: 2F
2-1: Ground out 4-3 (Groundball, 4)
Bottom of the 1st over - 1 run(s), 2 hit(s), 0 error(s), 2 left on base; Hialeah 0 - Port Royal 1
TOP OF THE 2ND
Hialeah Dodos batting - Pitching for Port Royal Disaster : RHP Felipe Velázquez
Batting: LHB Jeff Rutherford 0-0: Ball
1-0: Ball
2-0: Ball
3-0: Ground out 4-3 (Groundball, 4)
Batting: RHB Diego Bonilla 0-0: Called Strike
0-1: SINGLE (Groundball, 34D)
Batting: LHB Perry Bothof 0-0: Ball
1-0: Ball
2-0: Ball
3-0: Called Strike
3-1: SINGLE (Flyball, 8RS)
Diego Bonilla to second
Batting: RHB Pedro Longoria 0-0: SINGLE (Groundball, 5L)
Diego Bonilla to third
Perry Bothof to second
Batting: RHB Javier Santos 0-0: Grounds into double play, U6-3 (Groundball, 6M)
Top of the 2nd over - 0 run(s), 3 hit(s), 0 error(s), 2 left on base; Hialeah 0 - Port Royal 1
BOTTOM OF THE 2ND
Port Royal Disaster batting - Pitching for Hialeah Dodos : RHP Jim Unknown
Batting: RHB David Gómez 0-0: Called Strike
0-1: Ball
1-1: Ground out 6-3 (Groundball, 6)
Batting: RHB Ronnie Cleveland 0-0: Foul Ball, location: 2F
0-1: Called Strike
0-2: Strikes out swinging
Batting: RHB Brandon Cooper 0-0: Called Strike
0-1: Foul Ball, location: 2F
0-2: Ball
1-2: Ball
2-2: Foul Ball, location: 2F
2-2: Ball
3-2: Fly out, F8 (Flyball, 8LM)
Bottom of the 2nd over - 0 run(s), 0 hit(s), 0 error(s), 0 left on base; Hialeah 0 - Port Royal 1
TOP OF THE 3RD
Hialeah Dodos batting - Pitching for Port Royal Disaster : RHP Felipe Velázquez
Batting: RHB Vincente Rotham 0-0: Ground out U3 (Groundball, 3S)
Batting: RHB Aurelio Álvarez 0-0: Ball
1-0: Ground out 6-3 (Groundball, 6)
Batting: SHB Vincente Ybarra 0-0: Ball
1-0: Ball
2-0: Called Strike
2-1: Ball
3-1: Swinging Strike
3-2: Ground out 6-3 (Groundball, 56)
Top of the 3rd over - 0 run(s), 0 hit(s), 0 error(s), 0 left on base; Hialeah 0 - Port Royal 1
BOTTOM OF THE 3RD
Port Royal Disaster batting - Pitching for Hialeah Dodos : RHP Jim Unknown
Batting: RHB Sergio Martínez 0-0: Ball
1-0: Called Strike
1-1: Ball
2-1: Ball
3-1: Foul Ball, location: 2F
3-2: Strikes out swinging
Batting: RHB Javier Martínez 0-0: Ball
1-0: Called Strike
1-1: Ball
2-1: DOUBLE (Line Drive, 8RD)
Batting: RHB Wes Shannon 0-0: Ball
1-0: Foul Ball, location: 2F
1-1: Ball
2-1: Ball
3-1: Called Strike
Javier Martínez is caught stealing 3rd base
3-2: Foul Ball, location: 2F
3-2: Base on Balls
Batting: LHB Jason Potter 0-0: Ball
1-0: Ball
2-0: Ball
Wes Shannon steals 2nd base
3-0: Base on Balls
Batting: RHB Juan Ávila 0-0: SINGLE (Groundball, 5L)
Wes Shannon to third
Jason Potter to second
Runner from 3rd tries for Home, SAFE, no throw or cutoff
Batting: SHB Arsenio Sameiro 0-0: Ball
1-0: Called Strike
1-1: Foul Ball, location: 2F
1-2: Ball
2-2: Fly out, F8 (Flyball, 8LM)
Bottom of the 3rd over - 1 run(s), 2 hit(s), 0 error(s), 2 left on base; Hialeah 0 - Port Royal 2
TOP OF THE 4TH
Hialeah Dodos batting - Pitching for Port Royal Disaster : RHP Felipe Velázquez
Batting: RHB Yoshio Matsuo 0-0: Foul Ball, location: 2F
0-1: Foul Ball, location: 2F
0-2: Foul Ball, location: 2F
0-2: Ball
1-2: SINGLE (Line Drive, 7S)
Batting: LHB Jeff Rutherford 0-0: Foul Ball, location: 2F
0-1: Foul Ball, location: 2F
0-2: Ball
Yoshio Matsuo steals 2nd base
1-2: Ball
2-2: Ball
3-2: Base on Balls
Batting: RHB Diego Bonilla 0-0: Foul Ball, location: 2F
0-1: Ball
1-1: Swinging Strike
1-2: Foul Ball, location: 2F
1-2: Grounds into double play, 4-6-3 (Groundball, 4)
Yoshio Matsuo to third
Batting: LHB Perry Bothof 0-0: SINGLE (Groundball, 5D)
Yoshio Matsuo scores
Batting: RHB Pedro Longoria 0-0: Called Strike
0-1: Foul Ball, location: 2F
0-2: Foul Ball, location: 2F
0-2: Fly out, F7 (Flyball, 7M)
Top of the 4th over - 1 run(s), 2 hit(s), 0 error(s), 1 left on base; Hialeah 1 - Port Royal 2
BOTTOM OF THE 4TH
Port Royal Disaster batting - Pitching for Hialeah Dodos : RHP Jim Unknown
Batting: RHB David Gómez 0-0: Called Strike
0-1: Ball
1-1: Foul Ball, location: 2F
1-2: Ball
2-2: Strikes out swinging
Batting: RHB Ronnie Cleveland 0-0: Swinging Strike
0-1: Ground out 6-3 (Groundball, 56)
Batting: RHB Brandon Cooper 0-0: Ball
1-0: Ball
2-0: Foul Ball, location: 2F
2-1: SINGLE (Line Drive, 8RS)
Batting: RHB Sergio Martínez 0-0: Foul Ball, location: 2F
0-1: Ball
1-1: Ball
2-1: Called Strike
2-2: Ball
3-2: Base on Balls
Brandon Cooper to second
Batting: RHB Javier Martínez 0-0: Ball
1-0: Swinging Strike
1-1: Foul Ball, location: 2F
1-2: Fly out, F7 (Line Drive, 7M)
Bottom of the 4th over - 0 run(s), 1 hit(s), 0 error(s), 2 left on base; Hialeah 1 - Port Royal 2
TOP OF THE 5TH
Hialeah Dodos batting - Pitching for Port Royal Disaster : RHP Felipe Velázquez
Batting: RHB Javier Santos 0-0: Called Strike
0-1: Ball
1-1: Ground out 1-3 (Groundball, 15)
Batting: RHB Vincente Rotham 0-0: Foul Ball, location: 2F
0-1: Foul Ball, location: 2F
0-2: Foul Ball, location: 2F
0-2: Ball
1-2: SINGLE (Line Drive, 4MD)
Batting: RHB Aurelio Álvarez 0-0: Ball
1-0: Ground out 4-3 (Groundball, 4M)
Vincente Rotham to second
Batting: SHB Vincente Ybarra 0-0: Ground out 4-3 (Groundball, 4)
Top of the 5th over - 0 run(s), 1 hit(s), 0 error(s), 1 left on base; Hialeah 1 - Port Royal 2
BOTTOM OF THE 5TH
Port Royal Disaster batting - Pitching for Hialeah Dodos : RHP Jim Unknown
Batting: RHB Wes Shannon 0-0: Ball
1-0: Foul Ball, location: 2F
1-1: Ball
2-1: Foul Ball, location: 2F
2-2: SOLO HOME RUN (Flyball, 7LD), Distance : 364 ft
Batting: LHB Jason Potter 0-0: DOUBLE (Flyball, 89XD)
Batting: RHB Juan Ávila 0-0: Ball
1-0: Ball
2-0: Foul Ball, location: 2F
2-1: Called Strike
2-2: Ball
3-2: Fly out, F4 (Popup, 34D)
Batting: SHB Arsenio Sameiro 0-0: Foul Ball, location: 2F
0-1: SINGLE (Groundball, 34D)
Jason Potter to third
Batting: RHB David Gómez 0-0: SINGLE (Line Drive, 34)
Jason Potter scores
Arsenio Sameiro to second
Batting: RHB Ronnie Cleveland 0-0: Called Strike
0-1: Ball
1-1: Called Strike
1-2: SINGLE (Line Drive, 56)
Arsenio Sameiro to third
David Gómez to second
Batting: RHB Brandon Cooper 0-0: Foul Ball, location: 2F
0-1: Foul Ball, location: 2F
0-2: Strikes out swinging
Pitching: RHP Mark Walker
Batting: RHB Sergio Martínez 0-0: Called Strike
0-1: Swinging Strike
0-2: Ball
1-2: Ball
2-2: Foul Ball, location: 2F
2-2: Fly out, F4 (Popup, 4MD)
Bottom of the 5th over - 2 run(s), 5 hit(s), 0 error(s), 3 left on base; Hialeah 1 - Port Royal 4
TOP OF THE 6TH
Hialeah Dodos batting - Pitching for Port Royal Disaster : RHP Felipe Velázquez
Batting: RHB Yoshio Matsuo 0-0: SOLO HOME RUN (Line Drive, 8LXD), Distance : 444 ft
Batting: LHB Jeff Rutherford 0-0: Ball
1-0: Called Strike
1-1: SINGLE (Groundball, 4M)
Batting: RHB Diego Bonilla 0-0: Ball
1-0: Ball
2-0: Fielders Choice at 2nd, 4-6 (Groundball, 4)
Batting: LHB Perry Bothof 0-0: Ball
1-0: Called Strike
1-1: Called Strike
1-2: Strikes out looking
Batting: RHB Pedro Longoria 0-0: Fielders Choice at 2nd, 6-4 (Groundball, 6)
Top of the 6th over - 1 run(s), 2 hit(s), 0 error(s), 0 left on base; Hialeah 2 - Port Royal 4
BOTTOM OF THE 6TH
Port Royal Disaster batting - Pitching for Hialeah Dodos : RHP Mark Walker
Batting: RHB Javier Martínez 0-0: Ground out 5-3 (Groundball, 56)
Batting: RHB Wes Shannon 0-0: Ball
1-0: Ball
2-0: Foul Ball, location: 2F
2-1: Foul Ball, location: 2F
2-2: SINGLE (Line Drive, 4D)
Batting: LHB Jason Potter 0-0: Ball
1-0: Called Strike
1-1: Ball
2-1: Fielders Choice at 2nd, 3-6 (Groundball, 3)
Batting: RHB Juan Ávila 0-0: Ball
1-0: Foul Ball, location: 2F
1-1: Foul Ball, location: 2F
1-2: Ground out 5-3 (Groundball, 5S)
Bottom of the 6th over - 0 run(s), 1 hit(s), 0 error(s), 1 left on base; Hialeah 2 - Port Royal 4
TOP OF THE 7TH
Hialeah Dodos batting - Pitching for Port Royal Disaster : RHP Felipe Velázquez
Batting: RHB Javier Santos 0-0: Foul Ball, location: 2F
0-1: Fly out, F8 (Flyball, 8LM)
Batting: RHB Vincente Rotham 0-0: Called Strike
0-1: SINGLE (Groundball, 56D)
Batting: RHB Aurelio Álvarez 0-0: Called Strike
0-1: Reached on error, E4 (Groundball, 4S)
Vincente Rotham to third
Pinch Hitting: LHB Álex Burgos 0-0: Ball
1-0: Foul Ball, location: 2F
1-1: Foul Ball, location: 2F
1-2: SINGLE (Groundball, 34S)
Vincente Rotham scores
Aurelio Álvarez to third
Runner from 3rd tries for Home, SAFE, no throw or cutoff
Batting: RHB Yoshio Matsuo 0-0: Ball
1-0: Foul Ball, location: 2F
1-1: Ball
2-1: Fly out, F6 (Popup, 6)
Batting: LHB Jeff Rutherford 0-0: Called Strike
0-1: Foul Ball, location: 2F
0-2: Ground out U3 (Groundball, 3S)
Top of the 7th over - 2 run(s), 2 hit(s), 1 error(s), 1 left on base; Hialeah 4 - Port Royal 4
BOTTOM OF THE 7TH
Port Royal Disaster batting - Pitching for Hialeah Dodos : RHP Mark Walker
Now in RF: Steve McLeod
Batting: SHB Arsenio Sameiro 0-0: Ball
1-0: Called Strike
1-1: Fly out, F3 (Popup, 23)
Batting: RHB David Gómez 0-0: Ball
1-0: Fly out, F7 (Flyball, 78D)
Batting: RHB Ronnie Cleveland 0-0: Foul Ball, location: 2F
0-1: Swinging Strike
0-2: Ball
1-2: Strikes out swinging
Bottom of the 7th over - 0 run(s), 0 hit(s), 0 error(s), 0 left on base; Hialeah 4 - Port Royal 4
TOP OF THE 8TH
Hialeah Dodos batting - Pitching for Port Royal Disaster : RHP Felipe Velázquez
Pinch Hitting: LHB Alfonso Núñez 0-0: Ball
1-0: Ball
2-0: Ball
3-0: Called Strike
3-1: Called Strike
3-2: Foul Ball, location: 2F
3-2: SINGLE (Line Drive, 3D)
Batting: LHB Perry Bothof 0-0: Sac Bunt - play at first, batter OUT! 3-4
Alfonso Núñez to second
Pinch Hitting: LHB John Cossey 0-0: Foul Ball, location: 2F
0-1: Called Strike
0-2: Ground out 4-3 (Groundball, 34)
Alfonso Núñez to third
Pinch Hitting: LHB Salvadaro Meireles 0-0: Ball
1-0: Ball
2-0: Ball
3-0: Called Strike
3-1: Fly out, F6 (Popup, 6)
Top of the 8th over - 0 run(s), 1 hit(s), 0 error(s), 1 left on base; Hialeah 4 - Port Royal 4
BOTTOM OF THE 8TH
Port Royal Disaster batting - Pitching for Hialeah Dodos : RHP Mark Walker
Now at C: Salvadaro Meireles
Now in LF: Alfonso Núñez
Now in CF: John Cossey
Batting: RHB Brandon Cooper 0-0: Foul Ball, location: 2F
0-1: DOUBLE (Line Drive, 78M)
Pinch Hitting: LHB Frank Wentworth 0-0: Ball
1-0: Ball
2-0: Foul Ball, location: 2F
2-1: Foul Ball, location: 2F
2-2: Foul Ball, location: 2F
2-2: Foul Ball, location: 2F
2-2: Strikes out swinging
Batting: RHB Javier Martínez 0-0: Fly out, F4 (Popup, 4D)
Batting: RHB Wes Shannon 0-0: Fly out, F8 (Flyball, 8LD)
Bottom of the 8th over - 0 run(s), 1 hit(s), 0 error(s), 1 left on base; Hialeah 4 - Port Royal 4
TOP OF THE 9TH
Hialeah Dodos batting - Pitching for Port Royal Disaster : RHP Felipe Velázquez
Pitching: LHP Jim Unknown
Now at 2B: Frank Wentworth
Batting: RHB Vincente Rotham 0-0: Called Strike
0-1: Fly out, F6 (Popup, 56)
Batting: RHB Aurelio Álvarez 0-0: Foul Ball, location: 2F
0-1: Foul Ball, location: 2F
0-2: Foul Ball, location: 2F
0-2: Hit by Pitch
Batting: RHB Steve McLeod 0-0: Ball
1-0: Ball
2-0: Fly out, F8 (Flyball, 78M)
Batting: RHB Yoshio Matsuo 0-0: Ball
1-0: Ball
2-0: Ball
3-0: Called Strike
3-1: Called Strike
3-2: Foul Ball, location: 2F
3-2: Strikes out swinging
Top of the 9th over - 0 run(s), 0 hit(s), 0 error(s), 1 left on base; Hialeah 4 - Port Royal 4
BOTTOM OF THE 9TH
Port Royal Disaster batting - Pitching for Hialeah Dodos : RHP Mark Walker
Pitching: RHP Pancho Padilla
Batting: LHB Jason Potter 0-0: Ball
1-0: Ball
2-0: Foul Ball, location: 2F
2-1: Ball
3-1: Foul Ball, location: 2F
3-2: Strikes out swinging
Batting: RHB Juan Ávila 0-0: SINGLE (Groundball, 4MD)
Batting: SHB Arsenio Sameiro 0-0: Ball
1-0: Ball
2-0: Ball
3-0: Called Strike
3-1: Base on Balls
Juan Ávila to second
Batting: RHB David Gómez 0-0: Grounds into double play, 4-6-3 (Groundball, 4)
Bottom of the 9th over - 0 run(s), 1 hit(s), 0 error(s), 1 left on base; Hialeah 4 - Port Royal 4
TOP OF THE 10TH
Hialeah Dodos batting - Pitching for Port Royal Disaster : LHP Jim Unknown
Pinch Hitting: RHB Alexis Smeddon 0-0: Called Strike
0-1: Called Strike
0-2: Ball
1-2: Foul Ball, location: 2F
1-2: SOLO HOME RUN (Line Drive, 7D), Distance : 391 ft
Batting: LHB Alfonso Núñez 0-0: Called Strike
0-1: Ball
1-1: Swinging Strike
1-2: DOUBLE (Flyball, 78XD)
Batting: LHB Perry Bothof 0-0: Intentional Walk
Pinch Hitting: RHB Mitch Jensen 0-0: Ball
1-0: Swinging Strike
1-1: Ball
2-1: Foul Ball, location: 2F
2-2: Fly out, F3 (Popup, 3SF)
Pinch Hitting: RHB Andre Dixon 0-0: Ball
1-0: Called Strike
1-1: SINGLE (Groundball, 56D)
Alfonso Núñez to third
Perry Bothof to second
Runner from 3rd tries for Home, SAFE, throw made home
Perry Bothof to third
Andre Dixon to second
Batting: RHB Vincente Rotham 0-0: Ground out 5-3 (Groundball, 5S)
Batting: RHB Aurelio Álvarez 0-0: Ball
1-0: Called Strike
1-1: Ball
2-1: Foul Ball, location: 2F
2-2: Ground out 5-3 (Groundball, 5)
Top of the 10th over - 2 run(s), 3 hit(s), 0 error(s), 2 left on base; Hialeah 6 - Port Royal 4
BOTTOM OF THE 10TH
Port Royal Disaster batting - Pitching for Hialeah Dodos : RHP Pancho Padilla
Now at 1B: Elvis Larson
Now at 2B: Alexis Smeddon
Batting: RHB Ronnie Cleveland 0-0: Called Strike
Now at 2B: Gerald Sims 0-1: Called Strike
0-2: Strikes out swinging
Batting: RHB Brandon Cooper 0-0: Ball
1-0: Ball
2-0: Foul Ball, location: 2F
2-1: Foul Ball, location: 2F
2-2: SINGLE (Line Drive, 6MD)
Batting: LHB Frank Wentworth 0-0: Ball
1-0: Called Strike
1-1: Ball
2-1: Foul Ball, location: 2F
2-2: SINGLE (Flyball, 7LS)
Brandon Cooper to second
Batting: RHB Javier Martínez 0-0: Foul Ball, location: 2F
0-1: Swinging Strike
0-2: Fielders Choice at 2nd, 5-4 (Groundball, 56)
Brandon Cooper to third
Batting: RHB Wes Shannon 0-0: Ball
1-0: Ball
2-0: Fly out, F7 (Flyball, 7S)
Bottom of the 10th over - 0 run(s), 2 hit(s), 0 error(s), 2 left on base; Hialeah 6 - Port Royal 4
This league is powered by Out of the Park Baseball, the baseball management simulation game for PC, Mac and Linux
Monday, October 3rd, 2016 - OOTP Baseball 16.9 Build 39